 Dungeon Crawl Stone Soup version 0.25-a0-21-ga5a8db46c7 (webtiles) character file.

Game seed: 4092733228136870893, levelgen mode: deterministic

324 Kohma the Covert (level 6, -1/28 HPs)
             Began as a Spriggan Enchanter on Oct 16, 2019.
             Was a Believer of Kikubaaqudgha.
             Slain by a gnoll
             ... wielding a +0 spear
              (4 damage)
             ... on level 4 of the Dungeon.
             The game lasted 00:18:10 (6370 turns).

Kohma the Covert (Spriggan Enchanter)               Turns: 6370, Time: 00:18:11

Health: -1/28      AC:  4    Str:  4    XL:     6   Next: 23%
Magic:  20/20      EV: 18    Int: 18    God:    Kikubaaqudgha [**....]
Gold:   219        SH:  0    Dex: 17    Spells: 4/10 levels left

rFire    . . .     SeeInvis +   a - +2 dagger
rCold    . . .     Gourm    .   (shield restricted)
rNeg     . . .     Faith    .   t - +1 robe
rPois    .         Spirit   .   (helmet restricted)
rElec    .         Reflect  .   c - +0 cloak
rCorr    .         Harm     .   (gloves unavailable)
MR       ++...                  (boots unavailable)
Stlth    ++++......             (no amulet)
HPRegen  0.09/turn              s - ring of magical power
MPRegen  0.17/turn              o - ring of protection from magic

@: starving, very quick
A: very small, unfitting armour, see invisible, herbivore, speed 3, slow
metabolism 2
a: Receive Corpses, Renounce Religion


You were on level 4 of the Dungeon.
You worshipped Kikubaaqudgha.
Kikubaaqudgha was pleased with you.
You were starving.

You visited 1 branch of the dungeon, and saw 4 of its levels.
You also visited: Ossuary.

You collected 219 gold pieces.

Inventory:

Hand Weapons
 a - a +2 dagger (weapon)
 b - a +4 whip
Missiles
 f - 110 stones
 h - 30 poisoned darts (quivered)
 r - 13 sling bullets
Armour
 c - a +0 cloak (worn)
 t - a +1 robe (worn)
Jewellery
 o - a ring of protection from magic (right hand)
 s - a ring of magical power (left hand)
Wands
 n - a wand of paralysis (5)
Scrolls
 g - 4 scrolls of enchant armour
 q - a scroll of magic mapping
 v - a scroll of enchant weapon
Potions
 d - a potion of degeneration
 e - a potion of berserk rage {unknown}
 i - a potion of heal wounds
 j - 2 potions of might
 k - a potion of haste {unknown}
 l - 3 potions of flight
 m - 3 potions of curing
 p - 2 potions of agility {unknown}


   Skills:
 - Level 5.0 Short Blades
 - Level 3.0 Dodging
 - Level 8.1 Stealth
 + Level 2.8 Spellcasting
 + Level 3.7 Hexes


You had 4 spell levels left.
You knew the following spells:

 Your Spells              Type           Power        Failure   Level  Hunger
a - Corona                Hex            ###....      3%          1    None
b - Ensorcelled Hibernat  Hex/Ice        #.....       12%         2    ##.....
c - Confuse               Hex            ###.....     11%         3    ###....

Your spell library contained the following spells:

 Spells                   Type           Power        Failure   Level  Hunger
 Tukima's Dance           Hex            ###.....     11%         3    ###....
 Animate Skeleton         Necr           N/A          17%         1    None
 Pain                     Necr           #...         17%         1    None
 Dazzling Spray           Conj/Hex       #.....       24%         3    ###....
 Sublimation of Blood     Necr           #.........   26%         2    ##.....
 Regeneration             Chrm/Necr      #.........   45%         3    ###....


Dungeon Overview and Level Annotations

Branches:
Dungeon (4/15)            Ossuary (visited)
 Temple: D:4-7

Altars:
Kikubaaqudgha
Vehumet

Annotations:
D:3 Grinder


Innate Abilities, Weirdness & Mutations

You are very small and have problems with some larger weapons.
You are too small for most types of armour.
You have supernaturally acute eyesight. (SInv)
You are a herbivore.
You cover ground extremely quickly.
You need to consume almost no food.


Message History

You hit the mummy.
The mummy is lightly damaged.
The mummy completely misses you.
You hit the mummy but do no damage.
The mummy is lightly damaged.
You barely miss the mummy.
The mummy is lightly damaged.
The mummy barely misses you.
You hit the mummy but do no damage.
The mummy is lightly damaged.
The gnoll closely misses you.
The gnoll hits you from afar with a +0 spear!
* * * LOW HITPOINT WARNING * * *
You don't have the energy to cast that spell.
You hit the mummy but do no damage.
The mummy is lightly damaged.
The gnoll closely misses you. The mummy barely misses you.
The gnoll hits you from afar with a +0 spear.
You die...
Kikubaaqudgha rasps: "You have failed me!
Welcome... death!"

###*,,,,,,,,,,,,,* *,,,,,
..##############,* *,,,,,
......g........#,* *,,,,,
#.############.#,*##############*
.....#,........#,*#............#
#.#......>..#..#,*#............#
....g......,#..#**#.?o.........#
..#.gg....,,#..####g...........#
###......,,,#..M@ggr.........o.##
*,........'.#####.............. #
*,........##,,,,#............## #
*,,.....,,+,,,*,#.......######* #
***#######*****,#......##*,,,,* #
##.....## *,#.....##,,,,,,, #
#8.....8# **#.#####,,,,,,,, #
##.....## **#.# **,,,,*,,, #
###M### *,..# *,,,,***,,


You could see a mummy, an orc wizard, 3 gnolls and a quokka.

Vanquished Creatures
  An elf zombie (Ossuary)
  2 human zombies (Ossuary)
  2 mummies (Ossuary)
  8 adders
  An ooze (D:2)
  3 adder zombies (Ossuary)
  3 worms
  A dart slug (D:2)
  3 leopard geckos
  5 orcs (D:3)
  2 ball pythons
  4 bats
  A bat zombie (D:2)
  2 giant cockroaches (D:2)
  A goblin (D:3)
  5 hobgoblins
  3 jackals (D:3)
  6 kobolds
  A quokka (D:3)
  3 frilled lizards
  2 gnoll zombies (Ossuary)
  A goblin zombie (Ossuary)
  4 hobgoblin zombies (Ossuary)
  3 jackal zombies (Ossuary)
  3 kobold zombies (Ossuary)
  2 orc zombies (Ossuary)
  2 quokka zombies (Ossuary)
  5 rats
  8 rat zombies
87 creatures vanquished.

Notes
Turn   | Place    | Note
-------+----------+-------------------------------------------
     0 | D:1      | Kohma the Spriggan Enchanter began the quest for the Orb.
     0 | D:1      | Reached XP level 1. HP: 9/9 MP: 5/5
  1055 | D:2      | Reached skill level 5 in Stealth
  1055 | D:2      | Reached XP level 2. HP: 13/13 MP: 6/6
  1128 | D:2      | Found an ancient bone altar of Kikubaaqudgha.
  1136 | D:2      | Became a worshipper of Kikubaaqudgha
  1315 | D:2      | Learned a level 2 spell: Ensorcelled Hibernation
  1890 | D:2      | You fall into a shaft and drop 1 floor!
  1929 | D:3      | Reached XP level 3. HP: 16/16 MP: 2/8
  1934 | D:3      | Learned a level 3 spell: Confuse
  2103 | D:2      | Reached skill level 6 in Stealth
  2339 | D:2      | Reached XP level 4. HP: 21/21 MP: 6/9
  2357 | D:2      | Found a radiant altar of Vehumet.
  3034 | D:3      | Noticed Grinder
  3753 | D:3      | Reached * piety under Kikubaaqudgha
  3753 | D:3      | Identified Kikubaaqudgha's Collected Works on Dark Secrets
                  | (Kikubaaqudgha gifted it to you on level 3 of the Dungeon)
  3753 | D:3      | Received a gift from Kikubaaqudgha
  4957 | D:4      | Reached skill level 7 in Stealth
  4962 | D:4      | Reached XP level 5. HP: 20/24 MP: 9/10
  5025 | D:4      | Found a sand-covered staircase.
  5033 | Ossuary  | Entered an ossuary
  5674 | Ossuary  | Reached ** piety under Kikubaaqudgha
  5903 | Ossuary  | Reached skill level 8 in Stealth
  5903 | Ossuary  | Reached XP level 6. HP: 11/28 MP: 3/11
  5967 | Ossuary  | Reached skill level 5 in Short Blades
  6370 | D:4      | Slain by a gnoll

Levels and vault maps discovered:
D:1:      psy_arrival_radial01, layout_basic
D:2:      layout_loops_cross, fiery_altar_vehumet,
          lemuel_zombie_altar_kikubaaqudgha
D:3:      layout_basic, first_ration, amethyst_killhole, minmay_splitting_lines,
          uniq_grinder
D:4:      kennysheep_goblin_castle, layout_basic, tgw_trog,
          chequers_ossuary_entry_cave, guppyfry_early_lair_pool

Skill      XL: |  1  2  3  4  5  6 |
---------------+-------------------+-----
Stealth        | 5 6 7 8 |  8.1
Short Blades   | 2 3 4 5 |  5.0
Dodging        | |  3.0
Spellcasting   | |  2.8
Hexes          | |  3.7

Action                   |  1- 3 |  4- 6 || total
-------------------------+-------+-------++-------
Melee: Dagger            |    84 |   327 ||   411
       Whip              |       |     5 ||     5
Throw: Stone             |     8 |       ||     8
 Cast: Ensorcelled Hiber |    16 |    37 ||    53
       Confuse           |       |    40 ||    40
  Use: Scroll            |    11 |     6 ||    17
 Stab: Sleeping          |    21 |    26 ||    47
       Confused          |       |    19 ||    19
       Distracted        |       |     2 ||     2
  Eat: Ration            |       |     5 ||     5
Armor: Robe              |    26 |    32 ||    58
Dodge: Dodged            |   110 |   262 ||   372

Table legend:
 A = Non-vault XP
 B = Vault XP
 C = Vault XP percentage of total XP
 D = Non-vault monster count
 E = Vault monster count
 F = Vault count percentage of total count
                 A         B        C        D         E       F
            +---------+---------+-------+---------+---------+-------
      Total |     179 |     284 |  61.3 |      51 |      36 |  41.4
            +---------+---------+-------+---------+---------+-------
        D:1 |       7 |       0 |   0.0 |       4 |       0 |   0.0
        D:2 |      86 |       3 |   3.4 |      24 |       2 |   7.7
        D:3 |      86 |       0 |   0.0 |      23 |       0 |   0.0
        D:4 |       0 |      26 | 100.0 |       0 |       2 | 100.0
    Ossuary |       0 |     255 | 100.0 |       0 |      32 | 100.0
            +---------+---------+-------+---------+---------+-------
